 Dungeon Crawl Stone Soup version 0.20-a0-494-gf50ee04 (webtiles) character file.

690 Amnesiac the Vexing (level 7, -2/46 HPs)
             Began as a Mummy Enchanter on Jan 18, 2017.
             Slain by an ogre (5 damage)
             ... on level 5 of the Dungeon.
             The game lasted 00:08:14 (2875 turns).

Amnesiac the Vexing (Mummy Enchanter)               Turns: 2875, Time: 00:08:15

Health: -2/46      AC:  3    Str: 11    XL:     7   Next: 36%
Magic:  13/13      EV: 12    Int: 16    God:
Gold:   114        SH:  0    Dex: 18    Spells: 6/15 levels left

rFire    x . .     SeeInvis +   e - +2 dagger (speed)
rCold    + . .     Gourm    .   b - +0 robe
rNeg     + + +     Faith    .   (no shield)
rPois    ∞         Spirit   .   (no helmet)
rElec    .         Reflect  .   (no cloak)
rCorr    .         Harm     .   k - +0 pair of gloves
MR       .....                  (no boots)
Stlth    +.........             g - amulet of magic regeneration
Regen    0.2/turn               o - ring of see invisible
                                a - +5 ring of dexterity

@: no status effects
A: no food or potions, fire vulnerability, cold resistance 1, negative energy
resistance 3, torment resistance, unbreathing
a: no special abilities


You were on level 5 of the Dungeon.
You were not hungry.

You visited 1 branch of the dungeon, and saw 5 of its levels.

You collected 114 gold pieces.

Inventory:

Hand Weapons
 e - a +2 dagger of speed (weapon)
Armour
 b - a +0 robe (worn)
 k - a +0 pair of gloves (worn)
Jewellery
 a - a +5 ring of dexterity (left hand)
 g - an amulet of magic regeneration (around neck)
 o - a ring of see invisible (right hand)
Scrolls
 d - 4 scrolls of identify {unknown}
 f - a scroll of fear {unknown}
 h - a scroll of noise {unknown}
 i - a scroll of amnesia {unknown}
 j - a scroll of recharging {unknown}
 l - 2 scrolls of remove curse {unknown}
 m - a scroll of teleportation {unknown}
 n - a scroll of enchant weapon {unknown}
 p - a scroll of random uselessness {unknown}
Books
 c - a book of Maledictions

   Spells                             Type                      Level
   a - Corona                         Hexes                        1
   b - Ensorcelled Hibernation        Hexes/Ice                    2
   c - Confuse                        Hexes                        3
   d - Tukima's Dance                 Hexes                        3
   e - Dazzling Spray                 Conjuration/Hexes            3


   Skills:
 + Level 3.5 Short Blades
 - Level 1.5 Dodging
 - Level 2.5 Stealth
 - Level 4.5 Spellcasting
 - Level 6.1 Hexes


You had 6 spell levels left.
You knew the following spells:

 Your Spells              Type           Power        Failure   Level  Hunger
e - Confuse               Hex            ###.....     4%          3    N/A
f - Corona                Hex            ###....      1%          1    N/A
w - Tukima's Dance        Hex            ###.....     4%          3    N/A
z - Ensorcelled Hibernat  Hex/Ice        ##....       10%         2    N/A

Dungeon Overview and Level Annotations

Branches:
Dungeon (5/15)
 Temple: D:4-7

Altars:
Cheibriados
Nemelex Xobeh
Trog

Annotations:
D:2 Sigmund


Innate Abilities, Weirdness & Mutations

You do not eat or drink.
Your flesh is vulnerable to fire.
You are immune to poison.
Your flesh is cold resistant. (rC+)
You are immune to negative energy. (rN+++)
You are immune to unholy pain and torment.
You can survive without breathing.


Message History

The ogre misses you.
You hit the ogre.
The ogre is moderately wounded.
You hit the ogre.
The ogre is heavily wounded.
You hit the ogre but do no damage.
The ogre is heavily wounded.
The ogre cries.
The ogre closely misses you.
You hit the ogre but do no damage.
The ogre is heavily wounded.
Your unstable footing causes you to fumble your attack.
Your unstable footing causes you to fumble your attack.
The ogre seems less confused.
The ogre hits you! x2
The ogre hits you!
* * * LOW HITPOINT WARNING * * *
The ogre hits you!
* * * LOW HITPOINT WARNING * * *
The ogre hits you.
You die...

#####..# #...#.# #..#
#⌠.⌠#.# ###.)# #.._...#
#....#### #.⌠.⌠..#
#######.#...............#
#................... ####
#.#####.#####.##
#⌠≈≈#'#≈≈⌠#.# #≈≈≈≈≈@≈≈≈#
# #≈≈)###O≈≈# ##≈##.##≈##
#≈#._.#≈# #≈##.##≈#
#≈#≈≈≈# ≈≈w≈≈≈# ###≈≈⌠#
#####


You could see an ogre.

Vanquished Creatures
  Eustachio (D:4)
  Duvessa (D:4)
  A phantom (D:4)
  Dowan (D:4)
  A howler monkey (D:5)
  A crimson imp (D:5)
  An iguana (D:4)
  A worker ant (D:4)
  2 adders
  An ooze (D:4)
  An adder zombie (D:4)
  A dart slug (D:2)
  12 orcs
  4 giant cockroaches
  4 goblins
  5 hobgoblins
  12 jackals
  3 quokkas (D:4)
  A ball python (D:4)
  4 bats
  2 frilled lizards
  6 kobolds
66 creatures vanquished.

Vanquished Creatures (collateral kills)
  An ogre (D:4)
1 creature vanquished.

Vanquished Creatures (others)
  A dancing weapon (D:5)
1 creature vanquished.

Grand Total: 68 creatures vanquished

Notes
Turn   | Place    | Note
-------+----------+-------------------------------------------
     0 | D:1      | Amnesiac the Mummy Enchanter began the quest for the Orb.
     0 | D:1      | Reached XP level 1. HP: 13/13 MP: 4/4
    13 | D:1      | Reached skill level 1 in Short Blades
   488 | D:1      | Reached XP level 2. HP: 12/19 MP: 3/5
   688 | D:2      | Reached skill level 3 in Hexes
   922 | D:2      | Noticed Sigmund
  1210 | D:2      | Reached XP level 3. HP: 21/24 MP: 5/8
  1215 | D:2      | Learned a level 3 spell: Confuse
  1219 | D:2      | Learned a level 3 spell: Tukima's Dance
  1222 | D:2      | Learned a level 2 spell: Ensorcelled Hibernation
  1241 | D:3      | Found a bloodstained altar of Trog.
  1412 | D:4      | Noticed Duvessa
  1413 | D:4      | Noticed Dowan
  1473 | D:4      | Killed Duvessa
  1473 | D:4      | Reached XP level 4. HP: 24/30 MP: 8/10
  1473 | D:4      | Reached XP level 5. HP: 28/35 MP: 8/11
  1488 | D:4      | Killed Dowan
  1694 | D:4      | Noticed a phantom
  1719 | D:4      | Killed a phantom
  1719 | D:4      | Reached skill level 4 in Hexes
  1719 | D:4      | Reached XP level 6. HP: 24/41 MP: 2/12
  2497 | D:4      | Reached skill level 5 in Hexes
  2588 | D:4      | Noticed Eustachio
  2594 | D:4      | Killed Eustachio
  2594 | D:4      | Reached XP level 7. HP: 46/46 MP: 9/13
  2655 | D:5      | Entered Level 5 of the Dungeon
  2656 | D:5      | Found a sparkling altar of Nemelex Xobeh.
  2812 | D:5      | Reached skill level 6 in Hexes
  2852 | D:5      | Found a snail-covered altar of Cheibriados.
  2873 | D:5      | HP: 2/46 [ogre (7)]
  2875 | D:5      | Slain by an ogre

Vault maps used:
D:1:      shiori_arrival_oz, item_on_display_a
D:2:      hex_medium, grunt_ministairs_6, lemuel_tele_altar, uniq_natasha,
          uniq_sigmund
D:3:      trog_eyes_of_draining, uniq_terence
D:4:      corexii_shack_village, uniq_eustachio, uniq_duvessa
D:5:      zin_angel, nemelex_xobeh_ov_fountains_minmay, first_bread,
          cheibrodos_worm_habitat, uniq_prince_ribbit1

Skill      XL: |  1  2  3  4  5  6  7 |
---------------+----------------------+-----
Short Blades   | 1 3 |  3.5
Spellcasting   | 3 4 |  4.5
Hexes          | 3 4 5 6 |  6.1
Dodging        | |  1.5
Stealth        | |  2.5

Action                   |  1- 3 |  4- 6 |  7- 9 || total
-------------------------+-------+-------+-------++-------
Melee: Dagger            |   100 |   127 |    36 ||   263
 Cast: Corona            |    18 |       |       ||    18
       Confuse           |     1 |    12 |     1 ||    14
       Tukima's Dance    |       |     1 |     1 ||     2
       Ensorcelled Hiber |       |       |     2 ||     2
 Stab: Confused          |     5 |     5 |       ||    10
       Sleeping          |     1 |     8 |     3 ||    12
       Distracted        |       |     1 |       ||     1
Armor: Robe              |    23 |    15 |     2 ||    40
Dodge: Dodged            |    57 |    44 |    10 ||   111
